 Dungeon Crawl Stone Soup version bcrawl-1.20 (webtiles) character file.

Game seed: 10773430760240783995

10807 Mrkan the Basher (level 11, -8/71 HPs)
             Began as a Gargoyle Fighter on Jan 21, 2020.
             Was a Priest of Ashenzari.
             Mangled by a death knight
             ... wielding a +4 morningstar
              (15 damage)
             ... on level 9 of the Dungeon.
             The game lasted 00:16:19 (10987 turns).

Mrkan the Basher (Gargoyle Fighter)                Turns: 10987, Time: 00:16:20

Health: -8/71      AC: 30    Str: 22    XL:     11   Next: 67%
Magic:  12/12      EV:  6    Int:  9    God:    Ashenzari [***...]
Gold:   799        SH: 12    Dex: 10    Spells: 10/10 levels left

rFire    + . .     SeeInvis +   v - +0 mace (crush)
rCold    . . .     Gourm    .   c - +0 shield (curse)
rNeg     + . .     Faith    .   n - +0 plate armour (curse)
rPois    ∞         Spirit   .   g - +0 helmet (curse)
rElec    +         Reflect  .   q - +0 cloak (curse)
rCorr    .         Harm     .   y - +1 pair of gloves
MR       +....                  a - +0 pair of boots (curse)
Stlth    ..........             (no amulet)
HPRegen  0.21/turn              f - ring of protection from magic
MPRegen  0.13/turn              F - ring of protection from fire

@: no status effects
A: negative energy resistance 1, electricity resistance, unbreathing,
petrification resistance, rot immunity, AC +8
a: Curse Item, Scrying, Renounce Religion


You were on level 9 of the Dungeon.
You worshipped Ashenzari.
Ashenzari was most pleased with you.
You were hungry.

You visited 1 branch of the dungeon, and saw 9 of its levels.
You also visited: Bailey.

You collected 799 gold pieces.

Inventory:

Hand Weapons
 v - a +0 mace of crushing (weapon)
Armour
 a - a cursed +0 pair of boots (worn)
 c - a cursed +0 shield (worn)
 g - a cursed +0 helmet (worn)
 n - a cursed +0 plate armour (worn)
 q - a cursed +0 cloak (worn)
 y - a +1 pair of gloves (worn)
 C - the cursed +1 scale mail "Tycemap" {-Cast rF+ Str-4 Dex+8}
   (You found it on level 7 of the Dungeon)

   It affects your strength (-4).
   It affects your dexterity (+8).
   It protects you from fire.
   It prevents spellcasting.
   It has a curse placed upon it.
 H - the cursed +0 robe "Omaty" {*Slow rF++ Dex+5}
   (You found it on level 9 of the Dungeon)

   It affects your dexterity (+5).
   It greatly protects you from fire.
   It may slow you when you take damage.
   It has a curse placed upon it.
Jewellery
 f - a ring of protection from magic (left hand)
 A - an uncursed ring of stealth
 F - a ring of protection from fire (right hand)
Wands
 B - a wand of disintegration (15)
Scrolls
 b - 4 scrolls of identify
 k - 3 scrolls of amnesia {unknown}
 l - a scroll of fear {unknown}
 m - 3 scrolls of enchant weapon {unknown}
 p - 2 scrolls of enchant armour
 r - 3 scrolls of remove curse {unknown}
 u - a scroll of fog {unknown}
 x - 6 scrolls of teleportation {unknown}
 z - a scroll of blinking {unknown}
 E - 2 scrolls of magic mapping {unknown}
 G - a scroll of brand weapon {unknown}
Potions
 h - a potion of magic {unknown}
 i - 2 potions of curing
 j - a potion of cancellation
 o - a potion of degeneration
 s - 2 potions of lignification
 t - 3 potions of mutation
 w - 2 potions of haste
 D - 2 potions of ambrosia {unknown}
Miscellaneous
 d - a lamp of fire
Comestibles
 e - 31 rations {!d}


   Skills:
 + Level 9.4 Fighting
 * Level 11.4 Maces & Flails
 + Level 9.5(12.2) Armour
 + Level 9.4(11.2) Shields
 + Level 2.1 Evocations


You had 10 spell levels left.
You didn't know any spells.
Your spell library contained the following spells:

 Spells                   Type           Power        Failure   Level  Hunger
 Magic Dart               Conj           #...         100%        1    ##.....
 Blink                    Tloc           N/A          100%        2    ###....
 Call Imp                 Summ           #.....       100%        2    ###....
 Conjure Flame            Conj/Fire      #.......     100%        3    ####...
 Mephitic Cloud           Conj/Pois/Air  #.......     100%        3    ####...
 Spider Form              Tmut/Pois      #..          100%        3    ####...


Dungeon Overview and Level Annotations

Branches:
Dungeon (9/12)             Temple (0/1) D:6             Orc (0/1) D:8
   Lair: D:7-9

Altars:
Ashenzari
Dithmenos
Fedhas
Hepliaklqana
Kikubaaqudgha
Lugonu
Vehumet
The Shining One

Shops:
D:5 ?


Innate Abilities, Weirdness & Mutations

You are resistant to torment.
Your stone body is resilient. (AC +8)
You are immune to poison.
You resist negative energy. (rN+)
You are resistant to electric shocks. (rElec)
You can survive without breathing.
You are immune to petrification.
You are immune to rotting.


Message History

You hit the death knight but do no damage.
The death knight is heavily wounded.
You block the death knight's attack.
You hit the death knight.
The death knight is severely wounded.
The death knight reflects your damage back at you!
You hit the death knight but do no damage.
The death knight is severely wounded.
The death knight hits you with a +4 morningstar!!
* * * LOW HITPOINT WARNING * * *
You sock the death knight!
The death knight is almost dead.
The death knight reflects your damage back at you!
* * * LOW HITPOINT WARNING * * *
The death knight's dark mirror aura disappears.
The death knight hits you but does no damage.
You hit the death knight but do no damage.
The death knight is almost dead.
The death knight hits you with a +4 morningstar!
You die...

* ################ ,
,,................
#######..#.##.#######.
#P...P#.##.#..# ,#.
#.###p#.##..#(#{* ,#. *
#.+%#@'..#.#..# ,#.
,#.###.#.#...#.# ** ,#.
* #P...P#.#.)##.# ,, #.
,#######.#.#.#.###+###.
,, ,,..#####.........
,# ,##. #...###.##.. ,,
,#. , .,#..#÷....... ,
*#..#####.#.##.###.. *
, *#...#..#.#........


You could see a death knight.

Vanquished Creatures
  A hydra (D:9)
  A centaur warrior (D:9)
  A two-headed ogre (D:8)
  2 orc high priests (Bailey)
  An orc knight (Bailey)
  A wolf spider zombie (D:9)
  A manticore (D:9)
  A wolf spider (D:8)
  An efreet (D:9)
  A slime creature (D:9)
  Prince Ribbit (D:6)
  2 hogs (D:7)
  2 yaks (D:7)
  A human (D:7)
  A crocodile (D:9)
  2 water moccasins (D:6)
  10 orc warriors
  A necrophage (D:7)
  3 sky beasts
  A hornet zombie (D:5)
  An eye of draining (D:8)
  4 ogres
  4 centaurs
  2 bullfrogs
  2 big kobolds
  Blork the orc (D:4)
  A wyvern zombie (D:6)
  A wyvern skeleton (D:6)
  3 scorpions
  A water moccasin skeleton (D:7)
  A killer bee (D:9)
  4 crimson imps
  3 electric eels (Bailey)
  A howler monkey (D:7)
  A centaur zombie (D:5)
  A quasit (D:9)
  Crazy Yiuf (D:2)
  2 centaur skeletons
  5 hounds
  2 bullfrog skeletons (D:3)
  2 orc priests
  A gnoll shaman (D:6)
  3 jellies
  2 iguanas
  An orc wizard (D:4)
  A worker ant (D:4)
  A hound skeleton (D:4)
  17 gnolls
  8 adders
  4 shadow imps
  An adder skeleton (D:6)
  A worm (D:2)
  4 dart slugs
  5 leopard geckos
  14 orcs
  4 giant cockroaches
  9 goblins
  19 hobgoblins
  7 jackals (D:2)
  17 kobolds
  6 quokkas
  A ball python (D:1)
  2 bats
  A frilled lizard (D:1)
  5 rats
212 creatures vanquished.

Vanquished Creatures (others)
  A goblin (Bailey)
1 creature vanquished.

Grand Total: 213 creatures vanquished

Notes
Turn   | Place    | Note
-------+----------+-------------------------------------------
     0 | D:1      | Mrkan the Gargoyle Fighter began the quest for the Orb.
     0 | D:1      | Reached XP level 1. HP: 14/14 MP: 1/1
    78 | D:1      | Reached XP level 2. HP: 19/19 MP: 2/2
   331 | D:1      | Reached XP level 3. HP: 22/23 MP: 3/3
   842 | D:2      | Found a corrupted altar of Lugonu.
   843 | D:2      | Found a shadowy altar of Dithmenos.
   843 | D:2      | Found a glowing golden altar of the Shining One.
   844 | D:2      | Found a shattered altar of Ashenzari.
   844 | D:2      | Found a hazy altar of Hepliaklqana.
   852 | D:2      | Became a worshipper of Ashenzari the Shackled
  1085 | D:2      | Reached skill level 3 in Maces & Flails
  1102 | D:2      | Found a runed door.
  1193 | D:2      | Reached XP level 4. HP: 28/29 MP: 4/4
  1851 | D:2      | Noticed Crazy Yiuf
  1860 | D:2      | Killed Crazy Yiuf
  2089 | D:3      | Reached XP level 5. HP: 29/33 MP: 5/5
  2411 | D:3      | Reached skill level 4 in Maces & Flails
  2540 | D:3      | Reached XP level 6. HP: 33/38 MP: 6/6
  2744 | D:3      | Reached * piety under Ashenzari
  3482 | D:4      | Reached XP level 7. HP: 38/44 MP: 7/7
  3942 | D:4      | Noticed Blork the orc
  3951 | D:4      | Killed Blork the orc
  3951 | D:4      | Reached skill level 5 in Maces & Flails
  3951 | D:4      | Reached skill level 5 in Armour
  4097 | D:4      | Reached skill level 5 in Shields
  4108 | D:4      | Reached skill level 5 in Fighting
  4224 | D:5      | Entered Level 5 of the Dungeon
  4322 | D:5      | Reached ** piety under Ashenzari
  4762 | D:5      | Reached XP level 8. HP: 37/50 MP: 8/8
  5060 | D:5      | Found Voompoeh's Magic Scroll Emporium.
  5099 | D:5      | Reached skill level 6 in Maces & Flails
  5899 | D:6      | Reached skill level 7 in Maces & Flails
  5980 | D:6      | Found Exof's Book Shoppe.
  6097 | D:6      | Reached XP level 9. HP: 51/55 MP: 9/9
  6123 | D:6      | Reached *** piety under Ashenzari
  6142 | D:6      | Noticed Prince Ribbit
  6164 | D:6      | Killed Prince Ribbit
  6650 | D:6      | Found a staircase to the Ecumenical Temple.
  6821 | D:7      | Identified the cursed +1 scale mail "Tycemap" {-Cast rF+
                  | Str-4 Dex+8}
  7045 | D:7      | Reached skill level 8 in Maces & Flails
  7346 | D:7      | Found a blossoming altar of Fedhas.
  7362 | D:7      | Reached skill level 9 in Maces & Flails
  7362 | D:7      | Reached XP level 10. HP: 59/63 MP: 10/10
  7566 | D:8      | Noticed a two-headed ogre
  7580 | D:8      | Killed a two-headed ogre
  7710 | D:8      | Noticed a wolf spider
  7728 | D:8      | Killed a wolf spider
  8041 | D:8      | Found a flagged portal.
  8054 | Bailey   | Entered a bailey
  8145 | Bailey   | Found an iron altar of Okawaru.
  8145 | Bailey   | Noticed an orc high priest
  8145 | Bailey   | Noticed an orc high priest
  8154 | Bailey   | Noticed a rust devil
  8155 | Bailey   | Noticed a sixfirhy
  8161 | Bailey   | Killed an orc high priest
  8161 | Bailey   | Reached skill level 10 in Maces & Flails
  8172 | Bailey   | Killed an orc high priest
  8706 | Bailey   | Reached XP level 11. HP: 63/69 MP: 11/11
  9125 | Bailey   | Identified a scroll of acquirement
  9240 | Bailey   | Noticed an orc knight
  9270 | Bailey   | Killed an orc knight
  9805 | D:8      | Identified the cursed ring "Agoucs" {rPois Int+4} (You
                  | acquired it on level 8 of the Dungeon)
  9842 | D:8      | Found a blossoming altar of Fedhas.
  9852 | D:8      | Found a staircase to the Orcish Mines.
 10097 | D:8      | Found an ancient bone altar of Kikubaaqudgha.
 10098 | D:8      | Found a radiant altar of Vehumet.
 10237 | D:9      | Noticed an eight-headed hydra
 10253 | D:9      | Killed an eight-headed hydra
 10253 | D:9      | Reached skill level 11 in Maces & Flails
 10310 | D:9      | Reached skill level 1 in Evocations
 10415 | D:9      | Noticed a centaur warrior
 10417 | D:9      | Noticed a manticore
 10435 | D:9      | Killed a manticore
 10446 | D:9      | Killed a centaur warrior
 10697 | D:9      | Identified the cursed +0 robe "Omaty" {*Slow rF++ Dex+5}
 10938 | D:9      | Noticed a death knight
 10987 | D:9      | Mangled by a death knight

Skill      XL: |  1  2  3  4  5  6  7  8  9 10 11 |
---------------+----------------------------------+-----
Maces & Flails | 3 4 5 7 9 10 11 | 11.4
Armour         | 4 5 6 7 8 9 |  9.5
Fighting       | 4 5 6 7 8 9 |  9.4
Shields        | 4 5 6 7 8 9 |  9.4
Evocations     | 2 |  2.1

Action                   |  1- 3 |  4- 6 |  7- 9 | 10-12 || total
-------------------------+-------+-------+-------+-------++-------
Melee: Flail             |   117 |   182 |       |       ||   299
       Mace              |       |    64 |   469 |   539 ||  1072
Invok: Curse Item        |     3 |     2 |       |       ||     5
  Use: Potion            |       |       |     2 |     5 ||     7
       Scroll            |       |       |     8 |     1 ||     9
  Eat: Chunk             |     1 |     4 |    10 |    12 ||    27
       Ration            |       |     1 |     1 |       ||     2
Armor: Scale mail        |    40 |       |       |       ||    40
       Plate armour      |    46 |   208 |   294 |   349 ||   897
Dodge: Dodged            |    33 |    42 |    76 |   129 ||   280
Block: Shield            |    71 |   134 |   270 |   374 ||   849
